 Dungeon Crawl Stone Soup version 0.25-a0-492-g44cc58d149 (webtiles) character file.

Game seed: 8095660074310753098, levelgen mode: deterministic

3326 kae the Martial Artist (level 9, -4/75 HPs)
             Began as a Demonspawn Fighter on Feb 11, 2020.
             Was a Believer of Wu Jian.
             Slain by a hellwing (5 damage)
             ... summoned by an orc sorcerer
             ... in a bailey.
             The game lasted 00:08:28 (11009 turns).

kae the Martial Artist (Demonspawn Fighter)        Turns: 11009, Time: 00:08:29

Health: -4/75      AC: 10    Str: 21    XL:     9   Next: 71%
Magic:  0/9        EV:  9    Int:  9    God:    Wu Jian [**....]
Gold:   211        SH:  0    Dex: 17    Spells: 8/8 levels left

rFire    . . .     SeeInvis .     - Unarmed
rCold    . . .     Gourm    .   (no shield)
rNeg     + . .     Faith    .   a - +1 scale mail
rPois    .         Spirit   +   (no helmet)
rElec    .         Reflect  .   (no cloak)
rCorr    .         Harm     .   (no gloves)
MR       .....                  (no boots)
Stlth    ..........             q - amulet of guardian spirit
HPRegen  0.22/turn              p - +1 ring of protection
MPRegen  0.11/turn              o - ring of positive energy

@: mighty, lightly drained
A: hooves 2, yellow scales 1, rot immunity
a: Wall Jump, Renounce Religion


You were in a bailey.
You worshipped Wu Jian.
Wu Jian was pleased with you.
You were not hungry.

You visited 1 branch of the dungeon, and saw 8 of its levels.
You also visited: Bailey.

You collected 316 gold pieces.
You spent 105 gold pieces at shops.

Inventory:

Armour
 a - a +1 scale mail (worn)
 b - a +0 kite shield
 r - a +2 pair of gloves of archery
Jewellery
 e - an uncursed ring of magical power
 o - a ring of positive energy (right hand)
 p - a +1 ring of protection (left hand)
 q - an amulet of guardian spirit (around neck)
 w - a cursed amulet of inaccuracy {unknown}
Wands
 z - a wand of paralysis (7)
 B - a wand of flame (17)
Scrolls
 g - 3 scrolls of enchant armour
 s - 3 scrolls of fear
 u - 3 scrolls of remove curse
 v - 2 scrolls of amnesia
 y - a scroll of enchant weapon
Potions
 f - a potion of degeneration
 i - 4 potions of heal wounds
 k - a potion of flight {unknown}
 l - 4 potions of curing
 m - a potion of ambrosia {unknown}
 n - a potion of mutation {unknown}
 t - 2 potions of haste {unknown}
 x - a potion of berserk rage {unknown}
Comestibles
 d - 9 rations


   Skills:
 + Level 8.6(8.2) Fighting
 - Level 2.6(2.4) Armour
 - Level 2.6(2.4) Shields
 * Level 10.4(10.1) Unarmed Combat


You had 8 spell levels left.
You didn't know any spells.
Your spell library contained the following spells:

 Spells                   Type           Power        Failure   Level  Hunger
 Shock                    Conj/Air       #...         73%         1    ##.....
 Frozen Ramparts          Ice            #.....       97%         3    ####...
 Ozocubu's Armour         Chrm/Ice       #.......     97%         3    ####...
 Hailstorm                Conj/Ice       #.......     100%        4    #####..
 Metabolic Englaciation   Hex/Ice        #.........   100%        5    ######.


Dungeon Overview and Level Annotations

Branches:
Dungeon (8/15)             Temple (0/1) D:7          Bailey (1/1)
   Lair: D:8-11

Altars:
Cheibriados
Elyvilon
Makhleb
Nemelex Xobeh
Uskayaw
Vehumet
Wu Jian
Xom
The Shining One
Beogh

Shops:
D:4 *

Annotations:
D:4 1 runed translucent door, Crazy Yiuf
D:7 3 runed translucent doors, kae's ghost, novice DrTm


Innate Abilities, Weirdness & Mutations

You have hoof-like feet.
You are partially covered in yellow scales. (AC +2)
You are immune to rotting.


Message History

The orc sorcerer is lightly wounded.
The red devil hits you from afar with a +0 trident!!
* * * LOW HITPOINT WARNING * * *
The orc warrior hits you with a +0 war axe!
* * * LOW HITPOINT WARNING * * *
The orc sorcerer shouts, "You can't withstand my power!"
The orc sorcerer casts a spell at you. The bolt of negative energy hits you!
You partially resist.
You feel drained.
* * * LOW HITPOINT WARNING * * *
You barely miss the orc sorcerer. You kick the orc sorcerer!
The orc sorcerer is heavily wounded.
The red devil barely misses you.
Unknown command.
As you read the scroll of fear, it crumbles to dust.
You assume a fearsome visage.
The hellwing is unaffected.
The orc sorcerer looks frightened!
The orc warrior resists with some effort.
The red devil is unaffected.
The orc warrior barely misses you. The hellwing closely misses you.
The hellwing hits you.
You die...

##### ##+#...o +....oo
#.8..g #.... #.8o###
#...4.#######
#.8..g#.4...#
#.....#@.o..#
####..#o.⌠..# #..4.....+
#..'.....+ #####'''#####
#.).........#
######))≈≈...≈≈≈≈######
≈≈≈≈≈≈≈≈≈≈≈...≈≈≈≈≈≈≈≈≈≈
≈≈≈≈≈≈≈≈≈≈≈...≈≈≈≈≈≈≈≈≈≈


You could see a hellwing, an orc sorcerer (fleeing), a red devil and an orc
warrior.

Vanquished Creatures
  Prince Ribbit (D:5)
  Eustachio (D:4)
  A sky beast (D:5)
  4 orc warriors
  3 ice beasts
  An ogre (D:6)
  3 bullfrogs
  A gnoll sergeant (D:6)
  4 scorpions
  10 wights (D:6)
  4 killer bees (D:7)
  2 howler monkeys (D:4)
  A centaur zombie (D:6)
  4 crimson imps
  3 bullfrog zombies
  3 orc priests
  2 jellies (D:5)
  4 orc wizards
  An iguana (D:4)
  6 worker ants
  A hound skeleton (D:5)
  A howler monkey zombie (D:7)
  A worker ant zombie (D:6)
  11 gnolls
  8 adders
  A shadow imp (D:6)
  2 oozes
  2 worms (D:2)
  A dart slug (D:4)
  4 leopard geckos
  28 orcs
  8 giant cockroaches
  14 goblins
  8 hobgoblins
  5 jackals (D:1)
  4 quokkas
  3 ball pythons
  13 bats
  A frilled lizard (D:2)
  A jackal skeleton (D:5)
  6 kobolds
  A leopard gecko skeleton (D:4)
  10 rats
193 creatures vanquished.

Notes
Turn   | Place    | Note
-------+----------+-------------------------------------------
     0 | D:1      | kae the Demonspawn Fighter began the quest for the Orb.
     0 | D:1      | Reached XP level 1. HP: 18/18 MP: 1/1
    66 | D:1      | Reached skill level 2 in Unarmed Combat
    86 | D:1      | Gained mutation: You are immune to rotting. [demonic
                  | ancestry]
    86 | D:1      | Reached XP level 2. HP: 14/24 MP: 2/2
   544 | D:1      | Reached XP level 3. HP: 28/29 MP: 3/3
   978 | D:2      | Reached skill level 3 in Unarmed Combat
  1350 | D:2      | Gained mutation: You have large cloven feet. [demonic
                  | ancestry]
  1350 | D:2      | Reached XP level 4. HP: 5/37 MP: 4/4
  1676 | D:2      | Found a shimmering altar of Xom.
  1679 | D:2      | Found a shimmering altar of Xom.
  1680 | D:2      | Found a shimmering altar of Xom.
  1680 | D:2      | Found a shimmering altar of Xom.
  2482 | D:3      | Reached skill level 4 in Unarmed Combat
  2482 | D:3      | Reached XP level 5. HP: 42/42 MP: 5/5
  2643 | D:3      | Found a burning altar of Makhleb.
  3273 | D:4      | Noticed Eustachio
  3500 | D:4      | Reached skill level 5 in Unarmed Combat
  3500 | D:4      | Gained mutation: You have hoof-like feet. [demonic
                  | ancestry]
  3500 | D:4      | Reached XP level 6. HP: 41/49 MP: 6/6
  3819 | D:4      | Reached skill level 5 in Fighting
  4087 | D:4      | Killed Eustachio
  4087 | D:4      | Reached skill level 6 in Unarmed Combat
  4087 | D:4      | Gained mutation: You are partially covered in yellow
                  | scales. (AC +2) [demonic ancestry]
  4087 | D:4      | Reached XP level 7. HP: 36/56 MP: 7/7
  4378 | D:4      | Found Ugrucv Vaudi's Assorted Antiques.
  4381 | D:4      | Bought a blue potion for 24 gold pieces
  4381 | D:4      | Bought a scroll labeled EVERUCOLEXT for 27 gold pieces
  4381 | D:4      | Bought a scroll of identify for 54 gold pieces
  4734 | D:4      | Found a runed translucent door.
  4735 | D:4      | Noticed Crazy Yiuf
  4819 | D:5      | Entered Level 5 of the Dungeon
  5129 | D:5      | Identified Raecif's Compendium of the Icy Birds
  5190 | D:5      | Reached skill level 7 in Unarmed Combat
  5424 | D:5      | Found an ornate altar of the Wu Jian Council.
  5519 | D:5      | Became a worshipper of the Wu Jian Council
  5564 | D:5      | Reached XP level 8. HP: 64/64 MP: 8/8
  5603 | D:5      | Noticed Prince Ribbit
  5616 | D:5      | Killed Prince Ribbit
  6138 | D:6      | Reached skill level 8 in Unarmed Combat
  6845 | D:6      | Found a glowing golden altar of the Shining One.
  6847 | D:6      | Found a radiant altar of Vehumet.
  6848 | D:6      | Found a snail-covered altar of Cheibriados.
  6887 | D:6      | Found a white marble altar of Elyvilon.
  6905 | D:6      | Found a hide-covered altar of Uskayaw.
  6981 | D:6      | Found a sparkling altar of Nemelex Xobeh.
  7008 | D:6      | Reached skill level 9 in Unarmed Combat
  7029 | D:6      | Reached * piety under Wu Jian
  7039 | D:6      | Reached XP level 9. HP: 72/72 MP: 9/9
  8360 | D:7      | Noticed a skeletal warrior
  8819 | D:7      | Noticed a skeletal warrior
  8820 | D:7      | Noticed a skeletal warrior
  9075 | D:7      | Reached skill level 10 in Unarmed Combat
  9539 | D:7      | Found a runed translucent gate.
  9539 | D:7      | Found a runed translucent gate.
  9541 | D:7      | Found a runed translucent gate.
  9542 | D:7      | Noticed kae's ghost (novice DrTm)
  9544 | D:7      | Identified the +0 war axe of the Gloaming {vorpal, rF++ MR+
                  | Int-3 Stlth+}
  9544 | D:7      | Identified the +8 plate armour "Buyss" {-Tele MR+ Str+6}
  9545 | D:7      | Found a roughly hewn altar of Beogh.
  9641 | D:7      | Found a staircase to the Ecumenical Temple.
  9647 | D:7      | Reached ** piety under Wu Jian
 10864 | D:8      | Found a flagged portal.
 10892 | Bailey   | Entered a bailey
 10990 | Bailey   | Noticed an orc sorcerer
 10990 | Bailey   | Noticed an orc high priest
 10995 | Bailey   | Noticed a red devil
 11006 | Bailey   | Noticed a hellwing
 11007 | Bailey   | HP: 1/75 [orc sorcerer/bolt of negative energy (9)]
 11009 | Bailey   | Slain by a hellwing

Levels and vault maps discovered:
D:1:      scummos_arrival_forest, layout_basic
D:2:      layout_loops_ring, first_ration, minmay_door_square, xom_redecorated
D:3:      layout_basic, overflow_temple_1_default, feat_on_display
D:4:      minmay_general_purpose_star, layout_basic, serial_shops, shop,
          uniq_eustachio, uniq_crazy_yiuf_cottage
D:5:      layout_basic, kennysheep_little_box, uniq_prince_ribbit1
D:6:      layout_layer_cave, nemelex_xobeh_ov_fountains_minmay,
          eat_drink_and_be_merry_uskayaw,
          chequers_temple_overflow_statue_of_worship
D:7:      layout_basic, minmay_temple_entry_junction, biasface_ghost_orc_armoury
D:8:      layout_basic, enter_bailey_2, uniq_maurice
Bailey:   bailey_axe_of_yendor_kennysheep, bailey

Skill      XL: |  1  2  3  4  5  6  7  8  9 |
---------------+----------------------------+-----
Unarmed Combat | 2 3 4 5 6 7 9 10 | 10.4
Fighting       | 4 5 6 7 8 |  8.6
Armour         | |  2.6
Shields        | |  2.6

Action                   |  1- 3 |  4- 6 |  7- 9 || total
-------------------------+-------+-------+-------++-------
Melee: Unarmed           |   165 |   261 |   430 ||   856
       Punch             |     2 |     9 |    14 ||    25
       Kick              |       |    68 |   130 ||   198
Invok: Lunge             |       |       |    27 ||    27
       Whirlwind         |       |       |     3 ||     3
 Abil: Wall Jump         |       |       |     2 ||     2
Evoke: Wand              |       |       |     5 ||     5
  Use: Scroll            |     3 |     7 |     8 ||    18
       Potion            |       |     1 |     3 ||     4
  Eat: Chunk             |     1 |     9 |     9 ||    19
       Ration            |       |       |     4 ||     4
Armor: Scale mail        |    56 |   165 |   107 ||   328
Dodge: Dodged            |    79 |   190 |   136 ||   405
Block: Kite shield       |    10 |       |       ||    10

Table legend:
 A = Non-vault XP
 B = Vault XP
 C = Vault XP percentage of total XP
 D = Non-vault monster count
 E = Vault monster count
 F = Vault count percentage of total count
                 A         B        C        D         E       F
            +---------+---------+-------+---------+---------+-------
      Total |    4125 |     627 |  13.2 |     182 |      11 |   5.7
            +---------+---------+-------+---------+---------+-------
        D:1 |      51 |       0 |   0.0 |      28 |       0 |   0.0
        D:2 |      97 |       0 |   0.0 |      25 |       0 |   0.0
        D:3 |     105 |       0 |   0.0 |      22 |       0 |   0.0
        D:4 |     408 |     226 |  35.6 |      16 |       4 |  20.0
        D:5 |     676 |     264 |  28.1 |      18 |       1 |   5.3
        D:6 |    1416 |       0 |   0.0 |      36 |       0 |   0.0
        D:7 |    1372 |       0 |   0.0 |      37 |       0 |   0.0
     Bailey |       0 |     137 | 100.0 |       0 |       6 | 100.0
            +---------+---------+-------+---------+---------+-------
